Map: Frozen Temple

Players

Fropez

  • Race: Protoss Protoss
  • League: Gold
  • Spawn Location: 5:00

MasterBanana - Winner!

  • Race: Zerg Zerg
  • League: Silver
  • Spawn Location: 11:00

VOD

Have the link to the VOD?

Description

Time

  • Played on: Sept. 21, 2016, 7:36 p.m.
  • Length: 7:42
Show
View Real Time Build Order
Export as new Build Order

Fropez Protoss 

Build Orders: Zealot Archon 

Get SALT Encoding   

  12  0:01  Probe (Chrono Boost)  
  13  0:20  Probe (Chrono Boost)  
  13  0:21  Pylon  
  14  0:30  Assimilator  
  15  0:42  Probe (Chrono Boost), Gateway  
  15  0:52  Probe (Chrono Boost)  
  16  0:59  Pylon  
  16  1:03  Probe (Chrono Boost)  
  17  1:13  Probe (Chrono Boost)  
  17  1:17  Pylon  
  18  1:32  Cybernetics Core  
  18  1:33  Pylon  
  18  1:35  Probe (Chrono Boost)  
  19  1:46  Probe (Chrono Boost)  
  19  1:47  Assimilator  
  20  1:56  Probe (Chrono Boost)  
  21  2:07  Probe (Chrono Boost)  
  22  2:11  Warp Gate (Chrono Boost)  
  22  2:18  Probe  
  22  2:19  Stalker (Chrono Boost)  
  24  2:25  Twilight Council  
  24  2:31  Mothership Core  
  26  2:39  Pylon  
  26  2:53  Probe  
  27  3:05  Probe  
  26  3:17  Probe  
  27  3:26  Nexus  
  27  3:29  Gateway  
  27  3:35  Gateway  
  27  3:37  Probe  
  28  3:49  Charge (Chrono Boost)  
  27  4:18  Zealot  
  29  4:26  Probe  
  30  4:37  Zealot  
  32  4:39  Zealot  
  32  4:40  Probe  
  35  4:46  Assimilator  
  35  4:48  Assimilator  
  35  4:54  Pylon  
  35  5:13  Zealot x3  
  33  5:44  Pylon  
  33  5:45  Pylon  
  33  5:49  Pylon  
  33  5:50  Probe  
  33  5:51  Probe  
  33  5:55  Pylon  
  35  6:05  Probe  
  35  6:06  Probe  
  35  6:07  Templar Archives  
  33  6:11  Adept x3  
  33  6:16  Mothership Core  
  37  6:32  Zealot x3  
  34  6:45  High Templar  
  32  6:48  Gateway  
  32  6:51  Mothership Core (Chrono Boost)  
  24  6:58  Gateway  
  20  7:18  Pylon  
  20  7:21  High Templar  
  22  7:26  Pylon, Archon  
Show
View Real Time Build Order
Export as new Build Order

MasterBanana Zerg - Winner!

Build Orders: Pool First 

Get SALT Encoding   

  12  0:11  Overlord  
  12  0:15  Drone  
  12  0:18  Drone  
  14  0:30  Drone  
  14  0:33  Drone  
  16  0:42  Extractor  
  15  0:47  Spawning Pool  
  14  0:52  Drone  
  14  0:56  Drone  
  16  1:06  Drone  
  17  1:17  Drone  
  18  1:35  Zergling x2  
  18  1:37  Zergling x2  
  20  1:40  Hatchery  
  19  1:48  Zergling x2  
  19  1:49  Metabolic Boost  
  20  1:56  Queen  
  22  2:04  Overlord  
  22  2:28  Zergling x2  
  22  2:29  Zergling x2  
  24  2:33  Lair  
  24  2:37  Extractor  
  23  2:46  Zergling x4  
  25  2:54  Roach Warren  
  25  2:55  Drone  
  24  3:07  Drone x4  
  26  3:26  Drone x3  
  26  3:27  Spore Crawler  
  28  3:38  Hydralisk Den  
  28  3:39  Drone x2  
  27  4:09  Hydralisk x2  
  26  4:10  Hydralisk  
  26  4:12  Hydralisk  
  33  4:19  Drone  
  33  4:20  Overlord x2, Drone  
  35  4:30  Overseer  
  35  4:38  Queen  
  35  4:41  Drone x3  
  35  4:42  Drone  
  41  5:05  Hydralisk x4  
  49  5:14  Zergling x6  
  44  5:43  Zergling x2  
  44  5:44  Zergling x10  
  50  6:01  Hydralisk  
  48  6:37  Hydralisk x2  
  51  6:55  Overlord x3  
  51  6:56  Overlord  
  51  7:03  Hydralisk Den  
  51  7:05  Extractor  
  49  7:15  Hydralisk  
  49  7:16  Hydralisk x6  
Tags
 
Composition
Zealot Archon
Matchup
PvZ
Opening
Pool First
Replay Pack
All Mines
Spawn Locations
Cross Positions
Add a new tag
Caveats
  • Supply blocks, unpowered buildings, or Contaminate may cause inaccurate times.
  • Supply counts are checked every 10 seconds.